[ AOE2 MATCH · #506767644 ]
UnrankedMagyars vs Byzantines
Player's team · LOSS
[ REPLAY ANALYSIS · EXTRACTED FROM THE RECORDED GAME ]
Feudal
9:20
Castle
21:07
Imperial
—
| APM avg | 46.8 |
| APM peak | 107 |
| eAPM avg | 15.9 |
| Villagers / military | 91 / 20 |
Focus
⚔️ 12.3% · 🌾 87.7%
Scout Cavalry ×7 · Mangonel ×6 · Archer ×5 · Knight ×2
Feudal
11:02
Castle
26:59
Imperial
—
| APM avg | 59.7 |
| APM peak | 96 |
| eAPM avg | 26.2 |
| Villagers / military | 114 / 24 |
Focus
⚔️ 34.4% · 🌾 65.6%
Camel Scout ×15 · Spearman ×9
Match map
Initial resources + every placement click. Lines = walls · curves = elevation contours. ◆ gold · ⬟ stone · ● berries · ✦ relic · ◌ wall gap
Your base· Open — opponent sealed themselves in
SUMMER's base· ✓ Closed at 26:59 · 67t walls · 1 gate(s)
Smoothed initial terrain · ◌ = detected wall gap · hover for details
Inputs per minute
— iorek - - SUMMER
Build order — iorek
First 150 of 180 actions detected
| 0:00 | Queue | Villager (Male) |
| 0:01 | Queue | Villager (Male) |
| 0:01 | Queue | Villager (Male) |
| 0:02 | Build | House |
| 0:04 | Build | House |
| 0:04 | Queue | Villager (Male) |
| 0:05 | Queue | Villager (Male) |
| 1:29 | Queue | Villager (Male) |
| 1:29 | Queue | Villager (Male) |
| 1:46 | Build | Lumber Camp |
| 1:58 | Queue | Villager (Male) |
| 1:58 | Queue | Villager (Male) |
| 2:11 | Build | House |
| 2:29 | Queue | Villager (Male) |
| 2:29 | Queue | Villager (Male) |
| 2:52 | Queue | Villager (Male) |
| 2:52 | Queue | Villager (Male) |
| 3:06 | Queue | Villager (Male) |
| 3:07 | Queue | Villager (Male) |
| 3:52 | Queue | Villager (Male) |
| 3:52 | Queue | Villager (Male) |
| 4:07 | Queue | Villager (Male) |
| 4:08 | Queue | Villager (Male) |
| 4:45 | Queue | Villager (Male) |
| 4:45 | Queue | Villager (Male) |
| 5:19 | Queue | Villager (Male) |
| 5:19 | Queue | Villager (Male) |
| 5:37 | Queue | Villager (Male) |
| 5:37 | Queue | Villager (Male) |
| 5:38 | Queue | Villager (Male) |
| 5:38 | Queue | Villager (Male) |
| 5:58 | Queue | Villager (Male) |
| 5:58 | Queue | Villager (Male) |
| 6:04 | Build | Mill |
| 6:11 | Build | Mill |
| 6:17 | Build | Mill |
| 6:25 | Queue | Villager (Male) |
| 6:25 | Queue | Villager (Male) |
| 7:10 | Research | Feudal Age |
| 7:10 | Research | Loom |
| 7:48 | Build | House |
| 7:54 | Build | Barracks |
| 8:47 | Queue | Villager (Male) |
| 8:48 | Queue | Villager (Male) |
| 8:48 | Queue | Villager (Male) |
| 9:20 | Age | Feudal Age |
| 9:27 | Build | Stable |
| 9:35 | Queue | Villager (Male) |
| 10:23 | Build | House |
| 10:26 | Build | House |
| 10:30 | Queue | Scout Cavalry |
| 10:31 | Queue | Scout Cavalry |
| 10:31 | Queue | Scout Cavalry |
| 10:31 | Queue | Scout Cavalry |
| 10:46 | Build | Mining Camp |
| 11:00 | Queue | Villager (Male) |
| 11:02 | Queue | Scout Cavalry |
| 12:07 | Queue | Scout Cavalry |
| 12:11 | Queue | Villager (Male) |
| 12:11 | Queue | Villager (Male) |
| 12:12 | Queue | Villager (Male) |
| 12:16 | Research | Double-Bit Axe |
| 12:17 | Research | Horse Collar |
| 12:33 | Queue | Scout Cavalry |
| 12:46 | Queue | Villager (Male) |
| 13:04 | Build | Farm |
| 13:04 | Build | Farm |
| 13:05 | Build | Farm |
| 13:05 | Build | Farm |
| 13:06 | Build | Farm |
| 13:07 | Build | Farm |
| 13:08 | Build | Farm |
| 13:15 | Build | House |
| 14:06 | Queue | Villager (Male) |
| 14:06 | Queue | Villager (Male) |
| 14:31 | Queue | Villager (Male) |
| 14:35 | Build | Farm |
| 14:48 | Build | Farm |
| 15:03 | Queue | Villager (Male) |
| 15:09 | Build | Farm |
| 15:15 | Build | Farm |
| 15:19 | Build | Farm |
| 15:29 | Build | House |
| 15:31 | Build | House |
| 15:42 | Queue | Villager (Male) |
| 16:06 | Queue | Villager (Male) |
| 16:43 | Build | Watch Tower |
| 17:45 | Build | Farm |
| 17:46 | Build | Farm |
| 17:46 | Build | Farm |
| 17:47 | Build | Farm |
| 18:02 | Build | Blacksmith |
| 18:27 | Research | Castle Age |
| 18:39 | Build | Stable |
| 19:12 | Build | Mining Camp |
| 19:31 | Build | Mining Camp |
| 20:04 | Research | Bloodlines |
| 21:07 | Age | Castle Age |
| 21:12 | Build | Siege Workshop |
| 21:19 | Queue | Villager (Male) |
| 21:20 | Queue | Villager (Male) |
| 21:20 | Queue | Villager (Male) |
| 21:20 | Queue | Villager (Male) |
| 21:31 | Build | Town Center |
| 21:42 | Queue | Mangonel |
| 21:42 | Queue | Mangonel |
| 21:56 | Queue | Villager (Male) |
| 21:56 | Queue | Villager (Male) |
| 22:38 | Queue | Villager (Male) |
| 22:38 | Queue | Villager (Male) |
| 22:38 | Queue | Villager (Male) |
| 22:48 | Queue | Mangonel |
| 22:48 | Queue | Mangonel |
| 22:59 | Build | Watch Tower |
| 23:06 | Queue | Villager (Male) |
| 23:06 | Queue | Villager (Male) |
| 23:07 | Queue | Villager (Male) |
| 23:07 | Queue | Villager (Male) |
| 24:45 | Build | Mill |
| 24:46 | Build | Farm |
| 24:46 | Build | Farm |
| 24:46 | Build | Farm |
| 24:47 | Build | Farm |
| 24:47 | Build | Farm |
| 24:47 | Build | Farm |
| 24:48 | Build | Farm |
| 24:48 | Build | Farm |
| 24:49 | Build | Farm |
| 25:33 | Queue | Villager (Male) |
| 25:33 | Queue | Villager (Male) |
| 25:34 | Queue | Villager (Male) |
| 25:34 | Queue | Villager (Male) |
| 26:21 | Queue | Mangonel |
| 26:22 | Queue | Mangonel |
| 26:26 | Build | House |
| 26:45 | Queue | Villager (Male) |
| 26:45 | Queue | Villager (Male) |
| 26:45 | Queue | Villager (Male) |
| 26:46 | Queue | Villager (Male) |
| 26:51 | Build | House |
| 26:51 | Build | House |
| 26:52 | Build | House |
| 26:52 | Build | House |
| 26:52 | Build | House |
| 26:53 | Build | House |
| 27:13 | Queue | Knight ×2 |
| 27:44 | Queue | Villager (Male) |
| 27:44 | Queue | Villager (Male) |
| 27:44 | Queue | Villager (Male) |
| 28:37 | Queue | Villager (Male) |
Build order — SUMMER
First 150 of 255 actions detected
| 0:01 | Queue | Villager (Male) |
| 0:02 | Build | House |
| 0:04 | Build | House |
| 0:08 | Queue | Villager (Male) |
| 0:10 | Queue | Villager (Male) |
| 0:12 | Queue | Villager (Male) |
| 1:33 | Queue | Villager (Male) |
| 1:33 | Queue | Villager (Male) |
| 1:34 | Queue | Villager (Male) |
| 1:51 | Queue | Villager (Male) |
| 1:51 | Queue | Villager (Male) |
| 1:51 | Queue | Villager (Male) |
| 1:54 | Build | Lumber Camp |
| 2:26 | Queue | Villager (Male) |
| 2:26 | Queue | Villager (Male) |
| 2:55 | Queue | Villager (Male) |
| 2:55 | Queue | Villager (Male) |
| 2:59 | Queue | Villager (Male) |
| 2:59 | Queue | Villager (Male) |
| 2:59 | Queue | Villager (Male) |
| 3:35 | Build | House |
| 3:36 | Build | House |
| 3:46 | Queue | Villager (Male) |
| 3:46 | Queue | Villager (Male) |
| 4:26 | Queue | Villager (Male) |
| 4:27 | Queue | Villager (Male) |
| 4:31 | Queue | Villager (Male) |
| 4:31 | Queue | Villager (Male) |
| 4:35 | Build | Palisade Wall |
| 5:03 | Queue | Villager (Male) |
| 5:22 | Build | Palisade Wall |
| 6:19 | Queue | Villager (Male) |
| 6:19 | Queue | Villager (Male) |
| 6:20 | Queue | Villager (Male) |
| 6:20 | Queue | Villager (Male) |
| 6:27 | Build | Mill |
| 6:31 | Queue | Villager (Male) |
| 6:37 | Build | House |
| 6:43 | Build | Palisade Wall |
| 6:51 | Queue | Villager (Male) |
| 7:05 | Queue | Villager (Male) |
| 7:30 | Build | Palisade Wall |
| 8:26 | Research | Loom |
| 8:28 | Research | Feudal Age |
| 8:44 | Build | Lumber Camp |
| 8:51 | Build | Palisade Wall |
| 9:59 | Build | Palisade Wall |
| 10:09 | Build | Barracks |
| 11:02 | Age | Feudal Age |
| 11:07 | Build | Gate |
| 11:09 | Queue | Spearman |
| 11:09 | Queue | Spearman |
| 11:14 | Research | Double-Bit Axe |
| 11:33 | Queue | Spearman |
| 11:39 | Queue | Villager (Male) |
| 11:49 | Build | Mining Camp |
| 11:57 | Queue | Spearman |
| 12:03 | Queue | Villager (Male) |
| 12:10 | Build | House |
| 12:20 | Queue | Villager (Male) |
| 12:28 | Queue | Villager (Male) |
| 12:56 | Queue | Villager (Male) |
| 12:56 | Queue | Villager (Male) |
| 12:56 | Queue | Villager (Male) |
| 12:59 | Build | House |
| 13:06 | Queue | Villager (Male) |
| 13:07 | Queue | Villager (Male) |
| 13:10 | Queue | Villager (Male) |
| 13:10 | Queue | Villager (Male) |
| 13:19 | Build | Watch Tower |
| 13:28 | Queue | Villager (Male) |
| 13:31 | Build | House |
| 13:36 | Build | Blacksmith |
| 13:58 | Queue | Villager (Male) |
| 13:58 | Queue | Villager (Male) |
| 14:03 | Build | House |
| 14:10 | Queue | Spearman |
| 14:17 | Queue | Villager (Male) |
| 14:28 | Queue | Villager (Male) |
| 14:30 | Build | Farm |
| 14:31 | Build | Farm |
| 14:31 | Build | Farm |
| 14:31 | Build | Farm |
| 14:31 | Build | Farm |
| 14:32 | Build | Farm |
| 14:47 | Queue | Villager (Male) |
| 14:58 | Queue | Spearman |
| 14:58 | Queue | Spearman |
| 15:17 | Build | Stone Wall |
| 15:27 | Build | Watch Tower |
| 15:33 | Queue | Villager (Male) |
| 15:33 | Queue | Villager (Male) |
| 15:39 | Build | Stone Wall |
| 15:46 | Queue | Villager (Male) |
| 15:53 | Build | Stone Wall |
| 16:02 | Queue | Villager (Male) |
| 16:18 | Build | Stone Wall |
| 16:25 | Queue | Villager (Male) |
| 16:25 | Queue | Villager (Male) |
| 16:33 | Build | Stone Wall |
| 16:34 | Build | Stone Wall |
| 16:36 | Build | Stone Wall |
| 16:38 | Queue | Villager (Male) |
| 16:41 | Build | Watch Tower |
| 16:47 | Queue | Villager (Male) |
| 16:52 | Build | Stone Wall |
| 16:57 | Queue | Villager (Male) |
| 16:59 | Build | Farm |
| 17:07 | Build | Stone Wall |
| 17:09 | Queue | Villager (Male) |
| 17:30 | Queue | Villager (Male) |
| 17:32 | Build | Farm |
| 17:44 | Build | Watch Tower |
| 17:49 | Queue | Villager (Male) |
| 17:57 | Build | Farm |
| 17:59 | Build | Farm |
| 17:59 | Build | Farm |
| 18:00 | Build | Farm |
| 18:00 | Build | Farm |
| 18:06 | Queue | Villager (Male) |
| 18:07 | Queue | Spearman |
| 18:20 | Research | Fletching |
| 18:20 | Research | Fletching |
| 18:20 | Research | Fletching |
| 18:22 | Research | Horse Collar |
| 18:23 | Research | Horse Collar |
| 18:23 | Research | Horse Collar |
| 18:28 | Queue | Spearman |
| 18:30 | Build | Farm |
| 18:37 | Queue | Villager (Male) |
| 18:38 | Queue | Villager (Male) |
| 18:46 | Build | Watch Tower |
| 18:56 | Research | Forging |
| 18:56 | Research | Forging |
| 18:57 | Research | Forging |
| 19:05 | Queue | Villager (Male) |
| 19:07 | Queue | Villager (Male) |
| 19:07 | Queue | Villager (Male) |
| 19:27 | Queue | Villager (Male) |
| 19:31 | Queue | Villager (Male) |
| 19:31 | Queue | Villager (Male) |
| 19:34 | Build | Mining Camp |
| 19:44 | Queue | Villager (Male) |
| 19:48 | Build | Watch Tower |
| 20:13 | Queue | Villager (Male) |
| 20:17 | Queue | Villager (Male) |
| 20:17 | Queue | Villager (Male) |
| 20:20 | Build | Farm |
| 20:26 | Build | House |
| 20:34 | Research | Wheelbarrow |
Match timeline
| 4:35 | SUMMER · wall_segment Palisade Wall x10 |
| 5:22 | SUMMER · wall_segment Palisade Wall x9 |
| 6:43 | SUMMER · wall_segment Palisade Wall x7 |
| 7:30 | SUMMER · wall_segment Palisade Wall x10 |
| 7:54 | iorek · first_building Barracks |
| 8:51 | SUMMER · wall_segment Palisade Wall x13 |
| 9:20 | iorek · age_up feudal |
| 9:27 | iorek · first_building Stable |
| 9:59 | SUMMER · wall_segment Palisade Wall x1 |
| 10:09 | SUMMER · first_building Barracks |
| 11:02 | SUMMER · age_up feudal |
| 15:17 | SUMMER · wall_segment Stone Wall x4 |
| 15:39 | SUMMER · wall_segment Stone Wall x2 |
| 15:53 | SUMMER · wall_segment Stone Wall x4 |
| 16:18 | SUMMER · wall_segment Stone Wall x1 |
| 16:33 | SUMMER · wall_segment Stone Wall x1 |
| 16:34 | SUMMER · wall_segment Stone Wall x1 |
| 16:36 | SUMMER · wall_segment Stone Wall x1 |
| 16:52 | SUMMER · wall_segment Stone Wall x1 |
| 17:07 | SUMMER · wall_segment Stone Wall x2 |
| 21:07 | iorek · age_up castle |
| 21:12 | iorek · first_building Siege Workshop |
| 22:09 | SUMMER · wall_segment Stone Wall x4 |
| 24:12 | SUMMER · first_building Stable |
| 25:39 | SUMMER · first_market_buy 100 stone |
| 26:59 | SUMMER · age_up castle |
| 30:43 | iorek · first_building Archery Range |
| 32:17 | SUMMER · first_market_sell 100 food |
| 33:19 | SUMMER · first_building Monastery |
| 33:36 | iorek · resign |
[ AI ANALYSIS · 1 CREDIT ]
What really happened in this match?
Wolo.gg analyzes every decision: build order, eco, micro, common mistakes by bracket. Personalized analysis on WhatsApp or Discord in 30 seconds.
Civ guide
Magyars
Perfil
Jugador #11014229